AoeStats
← WheyProtein1
◆

Unknown

498058031Analyzed
4v4 RM · 2mo ago on Aug 8, 2026· 45m 12s· 8 players
Game mode
Random Map
Map size
Large (8 player)
Population
200
Speed
Normal
Resources
Standard
Victory
Conquest
Starting age
Dark Age
Ending age
Dark Age
RankedLock teamsTeams togetherTeam positionsShared explorationLock speedFull tech treeHidden civsTurbo modeCheats
Victory
Defeat
🇧🇬 Mongols · Bulgaria
1406
+12
🇸🇰 Italians · Slovakia
1383
+13
🇹🇼 Teutons · Taiwan
1327
+15
🇺🇸 Ethiopians · United States
1316
+16
🇨🇱 Japanese · Chile
1434
-19
🇭🇷 Aztecs · Croatia
1418
-19
🇳🇴 Burgundians · Norway
1194
-9
🇳🇴 Gurjaras · Norway
1189
-9
Horagalles
6:20 Double-Bit Axe
8:32 Horse Collar
11:26 Feudal Age
15:08 Castle Age
13:45 Bow Saw
20:32 Wheelbarrow
24:40 Two-Man Saw
23:42 Heavy Plow
24:29 Hand Cart
24:00 Loom
24:12 Gold Mining
24:12 Stone Mining
27:24 Guilds
27:15 Caravan
26:39 Cavalier
27:19 Husbandry
27:27 Scale Barding Armor
27:32 Forging
30:27 Imperial Age
27:47 Treadmill Crane
29:28 Two-Man Saw
29:00 Crop Rotation
29:52 Coinage
30:19 Chain Barding Armor
30:34 Iron Casting
30:01 Padded Archer Armor
30:41 Ballistics
30:36 Masonry
30:35 Paladin
32:54 Chemistry
32:28 Conscription
33:00 Plate Barding Armor
34:28 Blast Furnace
42:04 Padded Archer Armor
44:13 Burgundian Vineyards
Basse
0:42 Loom
12:59 Feudal Age
14:05 Double-Bit Axe
20:14 Castle Age
20:17 Town Watch
21:57 Bow Saw
22:33 Fishing Lines
25:57 Caravan
28:48 Imperial Age
28:57 Horse Collar
30:39 Chemistry
31:54 Gold Mining
32:17 Elite Skirmisher
33:02 Thumb Ring
32:48 Fletching
34:42 Scale Barding Armor
36:26 Chain Barding Armor
37:42 Fortified Wall
39:14 Heavy Camel Rider
40:05 Bloodlines
40:47 Plate Barding Armor
41:35 Wheelbarrow
WheyProtein1
1:01 Loom
11:35 Feudal Age
11:38 Man-at-Arms
12:55 Horse Collar
13:49 Double-Bit Axe
20:17 Castle Age
21:13 Bow Saw
21:06 Heavy Plow
22:57 Wheelbarrow
22:41 Fletching
23:48 Bodkin Arrow
25:52 Fortified Wall
28:25 Wheelbarrow
32:24 Imperial Age
29:50 Elite Skirmisher
31:06 Padded Archer Armor
32:26 Leather Archer Armor
34:54 Bracer
35:37 Hand Cart
37:01 Conscription
36:44 Atlatl
37:43 Ballistics
40:03 Chemistry
39:39 Coinage
39:37 Scale Mail Armor
39:47 Forging
41:05 Onager
43:29 Siege Engineers
watoncito
6:57 Loom
10:43 Feudal Age
10:49 Feudal Age
12:02 Double-Bit Axe
11:59 Horse Collar
14:44 Castle Age
15:54 Bow Saw
15:51 Heavy Plow
21:53 Wheelbarrow
23:14 Gold Mining
23:20 Stone Mining
24:36 Hand Cart
29:11 Imperial Age
27:15 Scale Mail Armor
27:26 Forging
27:25 Yasama
27:19 Pikeman
28:00 Squires
27:45 Arson
28:26 Guard Tower
29:08 Ballistics
28:40 Fletching
29:07 Chain Mail Armor
29:18 Crossbowman
30:03 Thumb Ring
29:54 Halberdier
31:45 Two-Man Saw
30:32 Town Watch
32:07 Keep
31:17 Arrowslits
31:30 Bodkin Arrow
32:28 Gold Shaft Mining
31:34 Capped Ram
32:35 Arbalester
33:16 Bracer
33:17 Padded Archer Armor
33:35 Elite Skirmisher
35:10 Leather Archer Armor
35:57 Chemistry
37:18 Ring Archer Armor
37:25 Siege Engineers
37:30 Masonry
ALBERT
5:20 Loom
9:42 Feudal Age
11:02 Double-Bit Axe
14:01 Castle Age
12:20 Horse Collar
15:12 Bow Saw
15:50 Heavy Plow
18:08 Wheelbarrow
17:42 Gold Mining
21:59 Stone Mining
24:32 Gold Shaft Mining
25:12 Stone Shaft Mining
27:34 Imperial Age
25:21 Fletching
25:58 Padded Archer Armor
26:21 Hand Cart
27:26 Ballistics
27:23 Bodkin Arrow
27:43 Leather Archer Armor
27:59 Bloodlines
27:50 Husbandry
28:37 Conscription
28:40 Bracer
29:21 Parthian Tactics
29:03 Thumb Ring
30:45 Chemistry
29:43 Onager
30:31 Caravan
31:03 Elite Mangudai
33:38 Coinage
34:26 Siege Engineers
34:31 Siege Onager
35:28 Murder Holes
35:44 Masonry
36:16 Drill
35:52 Capped Ram
36:49 Siege Ram
37:53 Light Cavalry
38:40 Scale Barding Armor
38:45 Forging
44:02 Hoardings
CEASAR
0:32 Loom
11:37 Feudal Age
16:04 Castle Age
15:55 Double-Bit Axe
18:53 Bow Saw
18:30 Horse Collar
19:33 Heavy Plow
25:10 Gold Mining
25:11 Stone Mining
28:40 Wheelbarrow
28:11 Fletching
28:21 Padded Archer Armor
32:30 Imperial Age
30:11 Scale Mail Armor
30:57 Hand Cart
31:39 Caravan
32:02 Silk Road
32:51 Stone Shaft Mining
31:50 Pikeman
34:07 Bodkin Arrow
34:28 Leather Archer Armor
34:28 Chain Mail Armor
34:23 Forging
35:41 Chemistry
35:02 Ballistics
35:24 Thumb Ring
35:21 Bracer
35:52 Coinage
37:39 Ring Archer Armor
37:39 Plate Mail Armor
38:52 Iron Casting
38:41 Conscription
39:56 Silk Road
40:37 Squires
42:26 Elite Skirmisher
44:26 Two-Man Saw
44:01 Crop Rotation
ImAlphaDog
1:03 Loom
13:15 Feudal Age
17:17 Castle Age
15:05 Double-Bit Axe
18:14 Bow Saw
17:50 Fishing Lines
20:53 Wheelbarrow
21:01 Stone Mining
21:05 Gold Mining
21:29 Town Watch
24:46 Gillnets
28:01 Imperial Age
26:32 Gold Shaft Mining
27:01 Hand Cart
28:26 Squires
28:29 Scale Mail Armor
28:39 Forging
29:55 Chemistry
29:23 Conscription
29:23 Halberdier
30:58 Horse Collar
31:54 Siege Engineers
32:56 Chain Mail Armor
33:17 Iron Casting
34:57 Fletching
38:47 Plate Mail Armor
38:52 Iron Casting
38:31 Heavy Plow
39:38 Torsion Engines
41:24 Caravan
42:18 Masonry
43:13 Elite Shotel Warrior
43:53 Royal Heirs
46:16 Blast Furnace
chiu_sharon
9:49 Feudal Age
15:14 Castle Age
13:42 Double-Bit Axe
13:45 Horse Collar
16:14 Bow Saw
16:05 Heavy Plow
22:23 Wheelbarrow
27:53 Imperial Age
25:22 Gold Mining
26:32 Hand Cart
27:05 Forging
27:01 Scale Barding Armor
26:46 Fletching
28:49 Iron Casting
28:17 Stone Mining
29:01 Conscription
29:45 Chemistry
29:11 Bloodlines
29:51 Chain Barding Armor
29:02 Cavalier
29:58 Bodkin Arrow
30:17 Paladin
32:32 Blast Furnace
32:16 Plate Barding Armor
40:31 Two-Man Saw
39:40 Caravan
41:28 Crop Rotation
41:36 Stone Shaft Mining
42:46 Bodkin Arrow
43:14 Crenellations
Connection lost

Rejoining the realm…

Still unreachable

The connection could not be restored.

Session expired

The server has moved on; the page needs a fresh start.